 Dungeon Crawl Stone Soup version 0.22-a0-362-g535178c5c5 (webtiles) character file.

139 RKaid the Cudgeler (level 5, -2/53 HPs)
             Began as a Troll Chaos Knight on Apr 20, 2018.
             Splashed by a jelly's acid (7 damage)
             ... on level 3 of the Dungeon.
             The game lasted 00:05:29 (1972 turns).

RKaid the Cudgeler (Troll Chaos Knight)             Turns: 1972, Time: 00:05:30

Health: -2/53      AC: -5    Str: 20    XL:     5   Next: 1%
Magic:  4/4        EV: 10    Int:  9    God:    Xom [..*...]
Gold:   108        SH:  0    Dex:  9    Spells: 4/4 levels left

rFire    . . .     SeeInvis .   a - +0 mace (chaos)
rCold    . . .     Gourm    +   (no shield)
rNeg     . . .     Faith    .   b - +2 robe
rPois    .         Spirit   .   (helmet restricted)
rElec    .         Reflect  .   (no cloak)
rCorr    .         Harm     .   (gloves unavailable)
MR       .....                  (boots unavailable)
Stlth    +.........             (no amulet)
HPRegen  0.57/turn              (no ring)
MPRegen  0.09/turn              (no ring)

@: corroded
A: large, unfitting armour, claws 3, fast metabolism 3, gourmand, regeneration
1, shaggy fur 1, tough skin 2
a: Renounce Religion


You were on level 3 of the Dungeon.
You worshipped Xom.
You were a toy of Xom.
You were completely stuffed.

You visited 1 branch of the dungeon, and saw 3 of its levels.

You collected 108 gold pieces.

Inventory:

Hand Weapons
 a - a +0 mace of chaos (weapon)
Missiles
 h - 2 throwing nets {=f}
 p - 2 curare-tipped needles
Armour
 b - a +2 robe (worn)
Jewellery
 d - an uncursed ring of positive energy {unknown}
   (You found it on level 1 of the Dungeon)
 n - a cursed ring of teleportation {unknown}
   (You found it on level 1 of the Dungeon)
 o - an uncursed ring of see invisible {unknown}
   (You found it on level 1 of the Dungeon)
 r - a cursed amulet of inaccuracy {unknown}
   (You found it on level 2 of the Dungeon)
Wands
 y - a wand of disintegration (10)
   (You found it on level 3 of the Dungeon)
Scrolls
 e - 2 scrolls of enchant armour {unknown}
 g - 2 scrolls of teleportation {unknown}
 j - a scroll of immolation {unknown}
 k - 4 scrolls of identify {unknown}
 l - a scroll of noise {unknown}
 q - a scroll of random uselessness {unknown}
 s - a scroll of blinking {unknown}
 u - a scroll of magic mapping {unknown}
 x - 2 scrolls of remove curse {unknown}
Potions
 f - 2 potions of curing {unknown}
 i - 2 potions of degeneration {unknown}
 m - 2 potions of heal wounds {unknown}
 t - a potion of flight {unknown}
 v - a potion of magic {unknown}
 z - a potion of mutation {unknown}
 A - a potion of resistance {unknown}
Comestibles
 c - 6 rations
 w - 16 chunks of flesh


   Skills:
 + Level 3.3 Fighting
 * Level 4.5 Maces & Flails
 - Level 1.9 Dodging


You had 4 spell levels left.
You didn't know any spells.

Dungeon Overview and Level Annotations

Branches:
Dungeon (3/15)

Altars:
Ashenzari
Cheibriados
Wu Jian
Xom


Innate Abilities, Weirdness & Mutations

You are too large for most types of armour.
You have claws for hands.
Your metabolism is lightning-fast.
You like to eat raw meat.
Your natural rate of healing is unusually fast.
You are covered in fur. (AC +1)
You have very tough skin. (AC +2)


Message History

You butcher the leopard gecko corpse.
w - 10 chunks of flesh (gained 1)
You butcher the orc corpse.
w - 13 chunks of flesh (gained 3)
Items here: )) [[[ ÷ a mace; a scale mail; a dagger; a robe; a ring mail; an orc skeleton
Items here: )) [[[ ÷ a mace; a scale mail; a dagger; a robe; a ring mail; an orc skeleton
z - a fuming black potion
Items here: )) [[[ ÷ a mace; a scale mail; a dagger; a robe; a ring mail; an orc skeleton
x - 2 scrolls labeled GETHO JIOSE (gained 1)
A frilled lizard and a bat come into view.
A rat comes into view.
The bat hits you but does no damage.
Found a stone staircase leading down.
You hit the bat but do no damage. The bat hits you.
The frilled lizard closely misses you.
You sock the frilled lizard!
You kill the frilled lizard!
The bat hits you but does no damage. The bat closely misses you.
The bat closely misses you.
You see here a frilled lizard corpse.
You closely miss the rat. The bat hits you but does no damage.
The rat barely misses you.
You hit the bat. You burn the bat.
You kill the bat!
The rat barely misses you.
You hit the rat.
You kill the rat!
No target in view!
You butcher the rat corpse.
w - 14 chunks of flesh (gained 1)
You see here a rat skeleton. x2
A rat comes into view.
You see here a metallic golden potion.
A rat is nearby!
You sock the rat!
You kill the rat!
No target in view!
You butcher the bat corpse.
w - 15 chunks of flesh (gained 1)
You see here a bat skeleton. x2
A - a metallic golden potion You butcher the frilled lizard corpse.
w - 16 chunks of flesh (gained 1)
You see here a frilled lizard skeleton. x2
k - 4 scrolls labeled OGGAME KESAFO (gained 1)
An adder comes into view.
The adder hisses angrily.
Found an ornate altar of the Wu Jian Council.
An adder is nearby!
The adder bites you.
You miss the adder. The adder barely misses you.
You closely miss the adder. The adder barely misses you.
The adder bites you but does no damage.
You barely miss the adder. The adder misses you.
You hit the adder. You freeze the adder. The adder barely misses you.
The adder closely misses you.
You sock the adder!
You kill the adder!
You have reached level 5!
You butcher the adder corpse.
w - 17 chunks of flesh (gained 1)
You see here an adder skeleton. x2
y - a wand of disintegration (10)
Found a stone staircase leading up.
m - 2 white potions (gained 1) Eating one of 17 chunks of flesh.
You eat one of the 17 chunks of flesh.
This raw flesh tastes great.
A jelly comes into view.
The jelly quivers.
You hit the jelly. The acid corrodes you!
Your claws burn!
The jelly barely misses you.
You hit the jelly.
The jelly seems to speed up.
Your claws burn!
The jelly barely misses you. x2
You hit the jelly.
The jelly flickers and vanishes!
Deactivating autopickup; reactivate with Ctrl-A.
Your claws burn!
Something hits you but does no damage.
No target in view!
No target in view!
No target in view!
No target in view!
You hit something but do no damage.
Your claws burn!
Something hits you but does no damage. x2
You hit something but do no damage.
Xom thinks this is hilarious!
Nothing appears to happen.
Your claws burn!
Something hits you but does no damage. x2
You hit something but do no damage. The acid corrodes you!
Your claws burn!
Something hits you.
You are splashed with acid!
The acid burns!
You hit something.
Nothing appears to happen.
Your claws burn!
Something hits you. The acid corrodes you!
You are splashed with acid!
The acid burns!
Something hits you.
You are splashed with acid!
The acid burns!
* * * LOW HITPOINT WARNING * * *
You closely miss something. Something hits you.
* * * LOW HITPOINT WARNING * * *
You are splashed with acid!
The acid burns!
You die...
Xom roars with laughter!

#.......#........
..#.......#.>###.#.
#......_......#
#..#.......#..#
#..#.......#..# #
#. ##.....##..###.#
# ###.####......###
####
.................
....
..<.....@.###.####
#### #..####.{## #
.)... ###...# ###.#
.# .. ..


There were no monsters in sight!

Vanquished Creatures
  An orc priest (D:3)
  An orc wizard (D:3)
  3 adders
  2 worms (D:2)
  3 leopard geckos
  4 orcs (D:3)
  2 giant cockroaches
  4 goblins
  4 hobgoblins
  4 jackals (D:1)
  9 bats
  3 frilled lizards
  2 kobolds
  6 rats
48 creatures vanquished.

Notes
Turn   | Place    | Note
-------+----------+-------------------------------------------
     0 | D:1      | RKaid the Troll Chaos Knight began the quest for the Orb.
     0 | D:1      | Reached XP level 1. HP: 22/22 MP: 0/0
    82 | D:1      | XOM: silly message
   269 | D:1      | Reached skill level 3 in Maces & Flails
   496 | D:1      | Reached XP level 2. HP: 29/29 MP: 1/1
   638 | D:1      | XOM: silly message
  1068 | D:2      | Reached XP level 3. HP: 36/36 MP: 2/2
  1271 | D:2      | Found a snail-covered altar of Cheibriados.
  1413 | D:2      | XOM: scenery: 1 doors close
  1558 | D:2      | XOM: confuse monster(s)
  1564 | D:2      | Reached skill level 3 in Fighting
  1714 | D:3      | Found a shattered altar of Ashenzari.
  1732 | D:3      | Found a shimmering altar of Xom.
  1827 | D:3      | Reached skill level 4 in Maces & Flails
  1827 | D:3      | Reached XP level 4. HP: 25/45 MP: 3/3
  1937 | D:3      | Found an ornate altar of the Wu Jian Council.
  1946 | D:3      | Reached XP level 5. HP: 53/53 MP: 4/4
  1971 | D:3      | HP: 7/53 [acid (9)]
  1972 | D:3      | Splashed by a jelly's acid

Vault maps used:
D:1:      dpeg_arrival_tiny_i
D:2:      cheibriados_altar_1, first_ration, minmay_box_of_dots
D:3:      old_standard_altar, chequers_temple_overflow_statue_of_worship

Skill      XL: |  1  2  3 |
---------------+----------+-----
Maces & Flails | 3 4 |  4.5
Fighting       | 3 |  3.3
Dodging        | |  1.9

Action                   |  1- 3 |  4- 6 || total
-------------------------+-------+-------++-------
Melee: Mace              |   122 |    42 ||   164
 Stab: Paralysed         |     2 |       ||     2
       Sleeping          |     1 |       ||     1
  Eat: Chunk             |    19 |     2 ||    21
       Ration            |     1 |       ||     1
Armor: Robe              |    71 |    33 ||   104
Dodge: Dodged            |    79 |    43 ||   122

Table legend:
 A = Spawn XP
 B = Non-spawn XP
 C = Spawn XP percentage of total XP
 D = Spawn monster count
 E = Non-spawn monster count
 F = Spawn count percentage of total count
 G = Total turns spent on level
                    A         B        C        D         E        F      G
               +---------+---------+-------+---------+---------+-------+---------
         Total |       0 |     199 |   0.0 |       0 |      48 |   0.0 |  1972
               +---------+---------+-------+---------+---------+-------+---------
           D:1 |       0 |      24 |   0.0 |       0 |      16 |   0.0 |   767
           D:2 |       0 |      54 |   0.0 |       0 |      15 |   0.0 |   923
           D:3 |       0 |     121 |   0.0 |       0 |      17 |   0.0 |   282
               +---------+---------+-------+---------+---------+-------+---------

Table legend:
 A = Turns spent in this place as a percentage of turns spent in the entire game.
 B = Non-inter-level travel turns spent in this place as a percentage of non-inter-level travel turns spent in the entire game.
 C = Inter-level travel turns spent in this place as a percentage of turns spent in this place.
 D = Turns resting spent in this place as a percentage of non-inter-level travel turns spent in this place.
 E = Turns spent auto-exploring this place as a percentage of non-inter-level travel turns spent in this place.
 F = Non-inter-level travel turns spent in this place divided by the number of levels of this place that you've seen.
                   A       B       C       D       E      F
               +-------+-------+-------+-------+-------+----------------------
         Total | 100.0 | 100.0 |   2.6 |   2.6 |  68.2 | 640.3
       Dungeon | 100.0 | 100.0 |   2.6 |   2.6 |  68.2 | 640.3
               +-------+-------+-------+-------+-------+----------------------

Table legend:
 A = Kills in this place as a percentage of kills in entire the game.
 B = Kills by you in this place as a percentage of kills by you in the entire game.
 C = Kills by friends in this place as a percentage of kills by friends in the entire game.
 D = Other kills in this place as a percentage of other kills in the entire game.
 E = Experience gained in this place as a percentage of experience gained in the entire game.
 F = Experience gained in this place divided by the number of levels of this place that you have seen.
                   A       B       C       D       E      F
               +-------+-------+-------+-------+-------+----------------------
         Total | 100.0 | 100.0 |   N/A | 100.0 | 100.0 |  66.3
       Dungeon | 100.0 | 100.0 |   N/A | 100.0 | 100.0 |  66.3
               +-------+-------+-------+-------+-------+----------------------
